 Dungeon Crawl Stone Soup version 0.23.2-33-g5129a83184 (webtiles) character file.

Game seed: 16575615831803063348

247 psyvane the Cudgeler (level 5, -5/49 HPs)
             Began as a Minotaur Berserker on June 26, 2019.
             Was a Priest of Trog.
             Slain by a bullfrog (7 damage)
             ... in a sewer.
             The game lasted 00:17:25 (2497 turns).

psyvane the Cudgeler (Minotaur Berserker)           Turns: 2497, Time: 00:17:25

Health: -5/49      AC:  2    Str: 21    XL:     5   Next: 85%
Magic:  4/4        EV: 13    Int:  4    God:    Trog [***...]
Gold:   121        SH:  0    Dex: 11    Spells: 4/4 levels left

rFire    . . .     SeeInvis .   a - +1 mace
rCold    . . .     Gourm    .   (no shield)
rNeg     . . .     Faith    .   b - +0 animal skin
rPois    .         Spirit   .   (helmet restricted)
rElec    .         Reflect  .   (no cloak)
rCorr    +         Harm     .   (no gloves)
MR       ++...                  (no boots)
Stlth    +.........             (no amulet)
HPRegen  1.16/turn              d - ring of resist corrosion
MPRegen  0.09/turn              (no ring)

@: regenerating
A: retaliatory headbutt, horns 2
a: Berserk, Trog's Hand, Renounce Religion


You were in a sewer.
You worshipped Trog.
Trog was most pleased with you.
You were hungry.

You visited 1 branch of the dungeon, and saw 3 of its levels.
You also visited: Sewer.

You collected 121 gold pieces.

Inventory:

Hand Weapons
 a - a +1 mace (weapon)
 n - a +1 dagger of venom
Armour
 b - a +0 animal skin (worn)
Jewellery
 d - a ring of resist corrosion (left hand)
 g - an uncursed amulet of magic regeneration
Scrolls
 f - a scroll of remove curse {unknown}
 i - a scroll of identify
 l - a scroll of enchant armour {unknown}
Potions
 e - a potion of curing {unknown}
 h - a potion of flight {unknown}
 j - a potion of magic
 k - a potion of invisibility {unknown}
Comestibles
 c - 8 rations
 m - 3 chunks of flesh


   Skills:
 + Level 5.6 Fighting
 + Level 5.7 Maces & Flails
 + Level 2.9 Armour
 + Level 3.3 Dodging
 + Level 0.1 Stealth


You had 4 spell levels left.
You didn't know any spells.
Your spell library was empty.

Dungeon Overview and Level Annotations

Branches:
Dungeon (3/15)

Altars:
Elyvilon
Hepliaklqana


Innate Abilities, Weirdness & Mutations

You reflexively headbutt those who attack you in melee.
You have a pair of horns on your head.


Message History

The ooze splashes around in the water.
The bullfrog closely misses you. The bullfrog hits you.
Your unstable footing causes you to fumble your attack.
The bullfrog closely misses you. The bullfrog hits you!
* * * LOW HITPOINT WARNING * * *
The ooze barely misses you. You furiously retaliate!
You headbutt the ooze! The bullfrog hits you.
* * * LOW HITPOINT WARNING * * *
The bullfrog closely misses you. The bullfrog hits you.
* * * LOW HITPOINT WARNING * * *
The bullfrog barely misses you. The bullfrog hits you.
* * * LOW HITPOINT WARNING * * *
You enter the shallow water.
Moving in this stuff is going to be slow.
The bullfrog hits you!
* * * LOW HITPOINT WARNING * * *
The bullfrog barely misses you. You furiously retaliate!
You headbutt the bullfrog! The bullfrog hits you!
You die...

############# #####..≈≈≈≈≈.≈≈≈#
###.∩..≈.≈≈≈≈.≈≈≈≈#
##≈...≈#########≈≈≈#
#∩≈≈####≈†≈≈≈≈†≈≈≈≈####
#####≈≈.≈#####≈≈.≈≈#≈.##
##≈≈≈≈≈≈.#≈∩≈#######≈≈≈####
##≈≈≈≈≈####.≈≈≈F.J.#≈≈≈≈≈≈≈##
##≈.≈÷###≈≈≈≈.≈@Fl.l##≈†#.≈.≈##
#≈≈≈≈##≈≈≈.≈#######††#≈≈##.≈≈≈#
##≈≈≈##≈.≈≈### #≈.##≈.##≈.≈##
#≈≈≈≈#≈≈÷≈##
≈.≈≈J≈..≈≈#≈≈.#≈≈≈≈#
#≈≈≈##.≈≈##
≈≈≈l≈≈.≈.≈#≈≈≈##≈≈≈# #≈≈≈#≈≈†≈#
≈≈≈≈≈?≈≈≈.#...≈#..≈. #≈≈≈#≈≈.≈#
≈≈≈.[$..≈≈#≈≈≈.#≈≈.∩ #≈≈≈#≈≈≈≈#
≈≈.$.?.≈≈≈#.≈.≈#≈†..
#.≈≈##.≈≈##
≈.≈≈..≈≈≈##≈≈≈##≈≈.#


You could see 2 bullfrogs, an ooze and 2 frilled lizards.

Vanquished Creatures
  Jessica (D:2)
  9 adders
  2 river rats (D:3)
  A shadow imp (D:3)
  3 oozes (Sewer)
  A worm (D:2)
  8 leopard geckos
  4 ball pythons
  17 giant cockroaches
  3 goblins
  4 hobgoblins
  6 jackals (D:2)
  6 kobolds
  8 bats
  13 frilled lizards
  8 rats
94 creatures vanquished.

Notes
Turn   | Place    | Note
-------+----------+-------------------------------------------
     0 | D:1      | psyvane the Minotaur Berserker began the quest for the Orb.
     0 | D:1      | Reached XP level 1. HP: 19/19 MP: 0/0
   155 | D:1      | Reached XP level 2. HP: 27/27 MP: 1/1
   513 | D:2      | Noticed Jessica
   522 | D:2      | Killed Jessica
   522 | D:2      | Reached XP level 3. HP: 34/34 MP: 2/2
  1011 | D:2      | Reached XP level 4. HP: 31/41 MP: 3/3
  1059 | D:2      | Reached ** piety under Trog
  1692 | D:3      | Found a white marble altar of Elyvilon.
  1700 | D:3      | Found a hazy altar of Hepliaklqana.
  1931 | D:3      | Reached skill level 5 in Maces & Flails
  1932 | D:3      | Reached skill level 5 in Fighting
  1963 | D:3      | Reached XP level 5. HP: 40/48 MP: 4/4
  2179 | D:3      | Found a glowing drain.
  2183 | Sewer    | Entered a sewer
  2208 | Sewer    | Reached *** piety under Trog
  2489 | Sewer    | Reached **** piety under Trog
  2496 | Sewer    | HP: 1/49 [bullfrog (7)]
  2497 | Sewer    | Slain by a bullfrog

Skill      XL: |  1  2  3  4 |
---------------+-------------+-----
Maces & Flails | 4 5 |  5.7
Fighting       | 4 5 |  5.6
Dodging        | 3 |  3.3
Armour         | |  2.9
Stealth        | |  0.1

Action                   |  1- 3 |  4- 6 || total
-------------------------+-------+-------++-------
Melee: Mace              |    31 |   153 ||   184
       Headbutt          |       |    18 ||    18
Invok: Berserk           |     1 |     1 ||     2
       Trog's Hand       |       |     1 ||     1
  Use: Scroll            |     4 |     1 ||     5
       Potion            |     2 |       ||     2
  Eat: Chunk             |     1 |     6 ||     7
Armor: Animal skin       |    10 |    38 ||    48
Dodge: Dodged            |    29 |   109 ||   138
